 Dungeon Sprint DCSS version 0.31-a0-1074-g0b22e4e0f1 (webtiles) character file.

Game seed: 4117898389803904885

2 rocky1 the Cudgeller (level 1, -1/22 HPs)
             Began as an Ogre Gladiator on Nov 28, 2023.
             Slain by Jessica
             ... wielding a +1 dagger of electrocution
              (4 damage)
             ... in the Dungeon (Sprint III: "The Ten Rune Challenge").
             The game lasted 00:00:08 (21 turns).

rocky1 the Cudgeller (Ogre Gladiator)                 Turns: 21, Time: 00:00:10

Health: -1/22      AC:  3    Str: 17    XL:     1   Next: 30%
Magic:  1/1        EV: 10    Int:  9    God:
Gold:   0          SH:  0    Dex: 10    Spells: 0/0 levels left

rFire   . . .        a - +0 flail
rCold   . . .        (no shield)
rNeg    . . .        b - +0 robe
rPois   .            c - +0 hat
rElec   .            (no cloak)
rCorr   .            (gloves unavailable)
SInv    .            (boots unavailable)
Will    .....        (no amulet)
Stlth   +            (no ring)
HPRegen 0.23/turn    (no ring)
MPRegen 0.07/turn

%: no teleportation
@: no status effects
A: large, unfitting armour, tough skin 1
a: no special abilities


You were in the Dungeon.
You visited 1 branch

Inventory:

Hand Weapons
 a - a +0 flail (weapon)
Missiles
 d - 3 throwing nets (quivered)
 e - a large rock
Armour
 b - a +0 robe (worn)
 c - a +0 hat (worn)
Scrolls
 k - a scroll of blinking
Potions
 f - 2 potions of curing
 g - a potion of heal wounds
 h - a potion of haste
 i - 2 potions of magic
 j - a potion of berserk rage


   Skills:
 + Level 2.8 Fighting
 + Level 3.1 Maces & Flails
 + Level 2.1 Throwing
 + Level 3.0 Dodging


You couldn't memorise any spells.
You didn't know any spells.
Your spell library was empty.

Dungeon Overview and Level Annotations

Branches:
Dungeon (1/1)

Altars:

Annotations:
D Jessica


Innate Abilities, Weirdness & Mutations

You are too large for most types of armour.
You have tough skin. (AC +1)


Message History

Found a potion of curing.
A rat comes into view.
The rat bites you.
There is an open door here.
You closely miss the rat. The rat closely misses you.
You closely miss the rat. The rat barely misses you. x2
You hit the rat.
You kill the rat!
The rat bites you.
You hit the rat.
You kill the rat!
Your Maces & Flails skill increases to level 3!
Your Dodging skill increases to level 3!
No target in view!
No target in view!
You see here a rat corpse.
f - 2 potions of curing (gained 1) As you open the door, it creaks loudly!
A rat comes into view.
You hear a shout!
Jessica the Apprentice Sorceress comes into view.
She is wielding a +1 dagger of electrocution.
You hit the rat.
The rat is moderately wounded.
The rat barely misses you.
You sock the rat!
You kill the rat!
Jessica casts a spell.
Jessica blinks!
Jessica mumbles some strange words.
Jessica seems to speed up.
You hit Jessica but do no damage. Jessica barely misses you.
Jessica hits you with a +1 dagger of electrocution.
You hit Jessica.
Jessica is severely wounded.
Jessica hits you with a +1 dagger of electrocution.
You are electrocuted!
Ouch! That really hurt!
* * * LOW HITPOINT WARNING * * *
Jessica hits you with a +1 dagger of electrocution.
You die...

▓▓▓▓
▓<.#
▓..#
▓#'####
▓.†@..#
▓...@.#
▓.....#
▓####†#
..#
...#
.@..#
+#####


You could see Jessica (fast).

Vanquished Creatures
  3 rats (D)
3 creatures vanquished.

Notes
Turn   | Place    | Note
-------+----------+-------------------------------------------
     0 | D        | rocky1 the Ogre Gladiator began the quest for the Orb.
     0 | D        | Reached XP level 1. HP: 22/22 MP: 1/1
    15 | D        | Noticed Jessica
    21 | D        | Slain by Jessica

Illustrated notes

Levels and vault maps discovered:
D:        dungeon_sprint_mu [sprint_mu_entry_forest, sprint_mu_temple_rooms,
          sprint_mu_d1_horrors, sprint_mu_d2_genie, sprint_mu_d3_branching,
          sprint_mu_orc_legion, sprint_mu_elf_gauntlet, sprint_mu_hive_nellie,
          sprint_mu_lair_fedhas, sprint_mu_vaults_butterflies,
          sprint_mu_slime_circle, sprint_mu_shoals_archi,
          sprint_mu_snake_twists, sprint_mu_blade_basic, sprint_mu_crypt_lich,
          sprint_mu_tomb_spiral, sprint_mu_vestibule_basic,
          sprint_mu_gehenna_hellfire, sprint_mu_dis_giant,
          sprint_mu_tartarus_statrot, sprint_mu_cocytus_islands, sprint_mu_zot1]

Skill      XL: |  1 |
---------------+----+-----
Maces & Flails | 3 |  3.1
Dodging        | 3 |  3.0
Fighting       | |  2.8
Throwing       | |  2.1

Action                     || total
---------------------------++-------
  Melee: Flail             ||     8
 Armour: Robe              ||     5
  Dodge: Dodged            ||     5

Table legend: (Time is in decaauts)
 A = Elapsed time spent in this place.
 B = Non-inter-level travel time spent in this place.
 C = Inter-level travel time spent in this place.
 D = Time resting spent in this place.
 E = Time spent auto-exploring this place.
 F = Levels seen in this place.
 G = Mean time per level.
                   A        B        C        D        E       F      G
               +--------+--------+--------+--------+--------+-----+--------+
         Total |     22 |     22 |      0 |      0 |      0 |   1 |   22.0 |
       Dungeon |     22 |     22 |      0 |      0 |      0 |   1 |   22.0 |
               +--------+--------+--------+--------+--------+-----+--------+

Top non-repeatable levels by time:
       D: 22 daAuts
